 Dungeon Crawl Stone Soup version 0.32-a0-834-geaf45d8e21 (webtiles) character file.

Game seed: 16671881326679524781

1831511 ragingrage the Slayer (level 27, 285/285 HPs)
             Began as a Naga Shapeshifter on Mar 25, 2024.
             Was the Champion of Yredelemnul.
             Escaped with the Orb
             ... and 3 runes!
             The game lasted 02:16:55 (59198 turns).

ragingrage the Slayer (Naga Shapeshifter)          Turns: 59198, Time: 02:16:56

Health: 285/285    AC: 53    Str: 27      XL:     27
Magic:  32/32      EV: 13    Int: 13 (14) God:    Yredelemnul [******]
Gold:   4939       SH: 15    Dex: 10      Spells: 25/36 levels left

rFire   + + +        a - +9 demon trident (drain)
rCold   + + .        n - +1 kite shield {rF+}
rNeg    + . .        X - +10 ring mail "Azxoaw" {Int+2 Slay+4}
rPois   +            u - +0 hat of Duck's Teeth {rF+ Str+3 Dex+3 Stlth-}
rElec   .            V - +2 cloak {rC+}
rCorr   .            d - +2 pair of gloves of Riuroq {^Drain Regen+ Dex-3 SInv}
SInv    +            R - +10 Black Knight's barding {ponderous, rPois rN+}
Will    +++..        W - amulet of Vitality {Regen++ RegenMP++}
Stlth   +++          L - ring "Pisisay" {rPois rF+ AC+4}
HPRegen 3.07/turn    z - +5 ring of evasion
MPRegen 1.03/turn

%: random rage (3%)
@: wreathed by umbra, studying Staves, very slow
A: AC +9, large, see invisible, deformed body, poison resistance, slowness 2,
spit poison 1, naga tail 2, antennae 1, iridescent scales 1, berserk 1, cold
resistance 1, deterioration 2, dopey 1, low MP 1, weak 2, no potion heal 1,
inability to drink after injury 1
0: Orb of Zot
}: 3/15 runes: decaying, silver, gossamer
a: Spit Poison, Renounce Religion, Light the Black Torch, Recall Undead Harvest,
Hurl Torchlight, Bind Soul, Fathomless Shackles


You escaped.
You worshipped Yredelemnul.
Yredelemnul was most pleased with you.
You visited 9 branches of the dungeon, and saw 47 of its levels.
You also visited: Gauntlet and Ice Cave.

You collected 7916 gold pieces.
You spent 2977 gold pieces at shops.

Inventory:

Hand Weapons
 a - a +9 demon trident of draining (weapon)
 b - the +18 lance "Wyrmbane" {slay drac, rPois rF+ rC+ AC+3}
   (You acquired it in a Gauntlet)

   AC+3:      It affects your AC (+3).
   rF+:       It protects you from fire.
   rC+:       It protects you from cold.
   rPois:     It protects you from poison.
 T - a +9 demon trident of flaming
Missiles
 H - 7 javelins
 U - 6 curare-tipped darts
 Y - 5 throwing nets
Armour
 d - the +2 pair of gloves of Riuroq (worn) {^Drain Regen+ Dex-3 SInv}
   (You acquired it on level 8 of the Dungeon)

   Dex-3:     It affects your dexterity (-3).
   SInv:      It lets you see invisible.
   Regen+:    It increases your rate of health regeneration.
   ^Drain:    It drains your maximum health when unequipped.
 n - a +1 kite shield of fire resistance (worn)
 u - the +0 hat of Duck's Teeth (worn) {rF+ Str+3 Dex+3 Stlth-}
   (You found it on level 4 of the Spider Nest)

   Str+3:     It affects your strength (+3).
   Dex+3:     It affects your dexterity (+3).
   rF+:       It protects you from fire.
   Stlth-:    It makes you less stealthy.
 R - the +10 Black Knight's barding (worn) {ponderous, rPois rN+}
   (You acquired it on level 8 of the Dungeon)

   rPois:     It protects you from poison.
   rN+:       It protects you from negative energy.
 V - a +2 cloak of cold resistance (worn)
 X - the +10 ring mail "Azxoaw" (worn) {Int+2 Slay+4}
   (You took it off a gnoll sergeant on level 10 of the Dungeon)

   Int+2:     It affects your intelligence (+2).
   Slay+4:    It affects your accuracy & damage with ranged weapons and melee
   (+4).
Jewellery
 z - a +5 ring of evasion (right hand)
 L - the ring "Pisisay" (left hand) {rPois rF+ AC+4}
   (You took it off a deep elf death mage on level 3 of the Elven Halls)

   [ring of protection]

   AC+4:      It affects your AC (+4).
   rF+:       It protects you from fire.
   rPois:     It protects you from poison.
 W - the amulet of Vitality (around neck) {Regen++ RegenMP++}
   (You took it off a deep elf master archer on level 3 of the Elven Halls)

   [amulet of nothing]

   Regen++:   It increases your rate of health regeneration.
   RegenMP++: It increases your rate of magic regeneration.
Wands
 j - a wand of charming (59)
 C - a wand of digging (31)
 M - a wand of quicksilver (50)
 N - a wand of roots (30)
Scrolls
 h - 7 scrolls of poison
 i - 5 scrolls of blinking
 l - 13 scrolls of vulnerability
 s - 6 scrolls of immolation
 x - a scroll of brand weapon
 y - 8 scrolls of revelation
 A - 2 scrolls of silence
 B - 16 scrolls of teleportation
 F - 5 scrolls of fog
 I - 3 scrolls of torment
 K - 10 scrolls of noise
 O - 9 scrolls of fear
 P - 3 scrolls of enchant armour
 Z - 3 scrolls of butterflies
Potions
 c - 3 potions of magic
 e - 4 potions of haste
 g - 9 potions of might
 k - 9 potions of heal wounds
 m - 11 potions of enlightenment
 p - 3 potions of invisibility
 q - 21 potions of curing
 D - 10 potions of mutation
 G - 7 potions of lignification
 J - 2 potions of attraction
 Q - 7 potions of ambrosia
 S - 9 potions of resistance
Miscellaneous
 f - a phial of floods
 r - a box of beasts
 t - a condenser vane
 v - a phantom mirror
 E - a lightning rod (4/4)


   Skills:
 - Level 24.0 Fighting
 + Level 18.6 Polearms
 - Level 6.0 Throwing
 - Level 12.0 Armour
 - Level 10.0 Dodging
 - Level 15.0 Stealth
 - Level 19.0 Shields
 - Level 3.9 Unarmed Combat
 - Level 5.0 Spellcasting
 - Level 10.0 Conjurations
 - Level 10.4 Translocations
 - Level 14.0 Alchemy
 - Level 18.0 Invocations
 - Level 15.0 Evocations
 - Level 3.0 Shapeshifting


You had 25 spell levels left.
You knew the following spells:

 Your Spells              Type           Power      Damage    Failure   Level
a - Olgreb's Toxic Radia  Alch           39%        N/A       1%          4
c - Blink                 Tloc           60%        N/A       1%          2
d - Irradiate             Conj/Alch      17%        3d17      6%          5

Your spell library contained the following spells:

 Spells                   Type           Power      Damage    Failure   Level
 Apportation              Tloc           60%        N/A       1%          1
 Magic Dart               Conj           100%       1d8       1%          1
 Sting                    Conj/Alch      100%       1d9       1%          1
 Lesser Beckoning         Tloc           60%        N/A       1%          2
 Mercury Vapours          Alch/Air       42%        N/A       2%          2
 Fulminant Prism          Conj/Alch      17%        3d10      2%          4
 Alistair's Intoxication  Alch           26%        N/A       2%          5
 Mephitic Cloud           Conj/Alch/Air  24%        N/A       3%          3
 Kiss of Death            Conj/Necr      64%        2d10      4%          1
 Shock                    Conj/Air       64%        1d7       4%          1
 Iskenderun's Mystic Bla  Conj/Tloc      29%        2d7       4%          4
 Static Discharge         Conj/Air       32%        3-5/arc   6%          2
 Cigotuvi's Dreadful Rot  Necr/Alch/Air  30%        N/A       7%          2
 Volatile Blastmotes      Fire/Tloc      32%        2d12      11%         3
 Dazzling Flash           Conj/Hex       32%        N/A       12%         3
 Hailstorm                Conj/Ice       16%        3d6       12%         3
 Stone Arrow              Conj/Erth      32%        3d9       12%         3
 Iskenderun's Battlesphe  Conj           29%        2d8       14%         5
 Eringya's Noxious Bog    Alch           19%        4d6       16%         6
 Ignite Poison            Fire/Alch      21%        N/A       17%         4
 Leda's Liquefaction      Alch/Erth      10%        N/A       17%         4
 Petrify                  Alch/Erth      21%        N/A       17%         4
 Sticky Flame             Fire/Alch      21%        2d6       17%         4
 Freeze                   Ice            12%        1d3       30%         1
 Necrotise                Necr           12%        1d4       30%         1
 Slow                     Hex            12%        N/A       30%         1
 Summon Small Mammal      Summ           12%        N/A       30%         1
 Brom's Barrelling Bould  Conj/Erth      16%        2d4       36%         4
 Dimensional Bullseye     Hex/Tloc       8%         N/A       36%         4
 Call Imp                 Summ           6%         N/A       43%         2
 Ensorcelled Hibernation  Hex/Ice        6%         N/A       43%         2
 Jinxbite                 Hex            6%         N/A       43%         2
 Sublimation of Blood     Necr           3%         N/A       43%         2
 Call Canine Familiar     Summ           3%         N/A       67%         3
 Confusing Touch          Hex            3%         N/A       67%         3
 Frozen Ramparts          Ice            6%         1d1       67%         3
 Inner Flame              Hex/Fire       3%         N/A       67%         3
 Ozocubu's Armour         Ice            3%         N/A       67%         3
 Passwall                 Erth           3%         N/A       67%         3
 Sigil of Binding         Hex            3%         N/A       67%         3
 Summon Ice Beast         Ice/Summ       3%         N/A       67%         3
 Swiftness                Air            3%         N/A       67%         3
 Tukima's Dance           Hex            3%         N/A       67%         3
 Vampiric Draining        Necr           3%         2d6       67%         3
 Summon Forest            Summ/Tloc      8%         N/A       71%         5
 Fireball                 Conj/Fire      8%         3d6       73%         5
 Freezing Cloud           Conj/Ice/Air   5%         6-21      92%         5
 Sculpt Simulacrum        Ice/Alch       10%        N/A       95%         6
 Airstrike                Air            1%         2d(1-17)  97%         4
 Anguish                  Hex/Necr       1%         N/A       97%         4
 Animate Armour           Summ/Erth      6%         N/A       97%         4
 Cause Fear               Hex            1%         N/A       97%         4
 Dispel Undead            Necr           3%         3d7       97%         4
 Martyr's Knell           Necr/Summ      3%         N/A       97%         4
 Summon Blazeheart Golem  Fire/Summ      3%         N/A       97%         4
 Summon Lightning Spire   Summ/Air       3%         N/A       97%         4
 Conjure Ball Lightning   Conj/Air       8%         3x3d6     99%         6
 Orb of Destruction       Conj           14%        9d7       99%         7
 Curse of Agony           Necr           3%         N/A       100%        5
 Metabolic Englaciation   Hex/Ice        1%         N/A       100%        5
 Silence                  Hex/Air        1%         N/A       100%        5
 Summon Mana Viper        Hex/Summ       3%         N/A       100%        5
 Permafrost Eruption      Ice/Erth       1%         2x4d2     100%        6
 Summon Cactus Giant      Summ           1%         N/A       100%        6
 Enfeeble                 Hex            1%         N/A       100%        7
 Haunt                    Necr/Summ      1%         N/A       100%        7
 Malign Gateway           Summ/Tloc      8%         N/A       100%        7
 Monstrous Menagerie      Summ           1%         N/A       100%        7
 Ozocubu's Refrigeration  Ice            1%         4d7       100%        7
 Spellforged Servitor     Conj/Summ      8%         N/A       100%        7
 Summon Hydra             Summ           1%         N/A       100%        7
 Borgnjor's Revivificati  Necr           1%         N/A       100%        8
 Discord                  Hex            1%         N/A       100%        8
 Ignition                 Fire           1%         3d3       100%        8
 Lehudib's Crystal Spear  Conj/Erth      8%         10d3      100%        8
 Summon Horrible Things   Summ           1%         N/A       100%        8
 Death's Door             Necr           1%         N/A       100%        9
 Polar Vortex             Ice            1%         N/A       100%        9
 Death Channel            Necr           Unusable   N/A       N/A         6

Dungeon Overview and Level Annotations

Branches:
Dungeon (15/15)            Temple (0/1) D:7            Lair (5/5) D:9
  Swamp (4/4) Lair:2       Spider (4/4) Lair:2        Slime (0/5) Lair:5
    Orc (2/2) D:10            Elf (3/3) Orc:2        Vaults (5/5) D:13
  Crypt (0/3) Vaults:2     Depths (4/4) D:15            Zot (5/5) Depths:4
  IceCv (visited)         Gauntlet (visited)

Altars:
Ashenzari
Cheibriados
Dithmenos
Gozag
Hepliaklqana
Okawaru
Qazlal
Sif Muna
Trog
Uskayaw
Vehumet
Wu Jian
Xom
Yredelemnul
The Shining One
Jiyva

Shops:
D:1 *   D:7 ((   D:11 [   D:12 ::?**   Orc:2 (*:*   Elf:1 ((*?   Vaults:1 [

Portals:
Hell: Depths:1 Depths:2 Depths:3 Depths:4
Abyss: Depths:3 Depths:4
Pandemonium: Orc:2 Depths:2 Depths:3
Ziggurat: Depths:2

Annotations:
D:7 exclusion: downstairs
Zot:1 2 transporters, exclusion: obsidian statue
Zot:2 exclusion: downstairs


Innate Abilities, Weirdness & Mutations

Your serpentine skin is tough. (AC +9)
You have supernaturally acute eyesight. (SInv)
Armour fits poorly on your strangely shaped body.
Your system is resistant to poisons. (rPois)
You cover ground very slowly.
You can spit poison.
You can use your snake-like lower body to constrict enemies.
You have a pair of small antennae on your head.
You are partially covered in iridescent scales. (AC +2)
You sometimes lose your temper in combat.
Your flesh is cold resistant. (rC+)
Your body often deteriorates upon taking damage.
You are dopey. (Int -2)
Your magical capacity is low. (-10% MP)
You are very weak. (Str -4)
Potions are less effective at restoring your health.
You occasionally lose the ability to drink potions when taking damage.


Message History

You climb upwards.
You feel sick.
There is a stone staircase leading down here.
(D) Dungeon (T) Temple (L) Lair (S) Swamp (N) Spider Nest (M) Slime Pits (O) Orcish Mines (E) Elven Halls (V) Vaults (C) Crypt (U) Depths (H) Hell (Z) Zot
Where to? (Tab/Enter - D:1 @ (x,y), ? - help)
What level of the Dungeon? (default 1, ? - help)
You can drink potions again.
You feel sick.
You feel sick.
You are no longer poisoned.
A tormentor comes into view.
The tormentor calls on the powers of darkness!
Your body is wracked with pain!
Your body deteriorates!
You feel dopey.
Blink to where?
Press: ? - help, Dir - move target
As you read the scroll of blinking, it crumbles to dust.
There is a stone staircase leading up here.
You climb upwards.
There is a stone staircase leading down here.
(D) Dungeon (T) Temple (L) Lair (S) Swamp (N) Spider Nest (M) Slime Pits (O) Orcish Mines (E) Elven Halls (V) Vaults (C) Crypt (U) Depths (H) Hell (Z) Zot
Where to? (Tab/Enter - D:1 @ (x,y), ? - help)
What level of the Dungeon? (default 1, ? - help)
You are no longer corroded.
There is a stone staircase leading up here.
You climb upwards.
There is a stone staircase leading down here.
There is a stone staircase leading up here.
You climb upwards.
There is a stone staircase leading down here.
There is a stone staircase leading up here.
You climb upwards.
There is a stone staircase leading down, spattered with blood here.
There is a staircase leading out of the dungeon here.
You have escaped!

.#............#≈≈≈#.......#......
.+>...#..#######§#######..#......
.#....#..#~~#.......#~~#..#......
)#....#..#~#.........#~#..#......
......#..##...........##..#......
...#.##..#.............#..#.....#
...#.#..##.............##..####.#
##.#...#.#.............#.#..#...#
##.#..#.........@.........#.'...#
...##..#.#.............#.#..#...#
...###..##.............##..##....
...# #...#.............#..###....
...# #...##...........##..# #....
...# #...#~#.........#~#..# ##...
...###...#~~#.......#~~#..####...
.........#######≈#######..##.....
......#.(.....#≈≈≈#...(...##....)


There were no monsters in sight!

Vanquished Creatures
  2 dread liches
  10 orbs of fire
  3 ancient liches
  Sojobo (Vaults:4)
  Boris (Depths:3)
  Bai Suzhen (Swamp:3)
  Parghit (Depths:4)
  4 caustic shrikes
  3 curse toes
  4 golden dragons
  The ghost of dcgchant the Gelid, an adept GnIE of Ashenzari (Vaults:4)
  A Tzitzimitl (Zot:5)
  2 electric golems (Zot:5)
  An Ice Fiend (Zot:3)
  6 tentacled monstrosities
  14 Orb Guardians
  3 deep elf blademasters
  4 liches
  Asterion (Spider:4)
  3 titans
  3 quicksilver dragons
  6 sphinxes
  A deep elf master archer (Elf:3)
  4 Executioners
  5 death cobs
  Frances (Swamp:2)
  5 shadow dragons
  Kirke (Elf:1)
  7 tengu reavers
  Roxanne (Elf:1)
  13 storm dragons
  9 protean progenitors
  11 draconian knights
  6 draconian monks
  5 fire giants
  A balrug (Zot:3)
  2 iron dragons (Vaults:5)
  7 draconian scorchers
  8 frost giants
  5 deep elf sorcerers (Elf:3)
  5 draconian shifters
  5 deep elf elementalists
  4 ghost moths
  13 vault wardens
  4 draconian stormcallers
  2 orc warlords (Vaults:1)
  3 spriggan defenders (Depths:3)
  15 ironbound preservers
  4 stone giants
  A reaper (Depths:4)
  A broodmother (Spider:4)
  8 draconian annihilators
  11 very ugly things
  A formless jellyfish (Vaults:3)
  7 ironbound thunderhulks
  6 red draconians
  A lorocyproca (Zot:5)
  5 deep elf annihilators (Elf:3)
  8 black draconians
  4 deep elf death magi
  7 green draconians
  8 purple draconians
  9 yellow draconians
  A vampire knight (Depths:2)
  The ghost of avangion the Thaumaturge, a journeyman DgIE (Lair:4)
  7 dire elephants
  11 deep elf demonologists
  10 white draconians
  5 bunyips
  7 spark wasps
  2 war gargoyles
  4 blizzard demons
  5 ettins
  A crystal guardian (Vaults:4)
  5 fire dragons
  2 green deaths (Swamp:4)
  A shambling mangrove (Swamp:4)
  4 deep elf high priests
  3 entropy weavers
  7 yaktaur captains
  Harold (D:11)
  4 great orbs of eyes
  8 ice dragons
  31 vault guards
  3 hell beasts
  2 jorogumos
  The ghost of Udidgh the Hand of Fortune, a journeyman GrSh of Nemelex Xobeh (D:13)
  A ghost crab (Swamp:3)
  Erolcha (D:9)
  A demonspawn (Orc:2)
  6 ironbound frosthearts
  6 ogre magi
  11 hydras
  9 boulder beetles
  2 peacekeepers
  2 spriggan air magi (Depths:2)
  9 dancing weapons
  5 centaur warriors
  2 rakshasas (Depths:2)
  4 two-headed ogres
  A catoblepas (Lair:4)
  6 radroaches
  7 demonic crawlers
  3 alligators
  4 tengu warriors
  5 deep troll shamans
  A satyr (Zot:5)
  8 death yaks
  6 deep troll earth magi
  2 vampire magi
  2 occultists
  4 orc high priests (Orc:2)
  15 deep elf knights
  A thrashing horror (Swamp:4)
  6 hell knights (Depths:3)
  2 sun demons (Depths:2)
  5 iron trolls
  A shadow wraith (Vaults:5)
  6 spriggan riders
  2 skeletal warriors (D:14)
  4 skysharks
  A soul eater (Depths:1)
  2 sixfirhies (Orc:2)
  4 pharaoh ants
  2 flayed ghosts
  5 goliath frogs
  37 deep trolls
  13 lindwurms
  2 large abominations (Depths:4)
  6 glowing orange brains
  3 swamp dragons (Swamp:4)
  8 orb spiders
  3 arcanists
  A bog body (Swamp:4)
  5 spriggan druids
  2 sun moths
  10 deep elf archers
  2 elf zombies
  21 deep elf pyromancers
  Pikel (D:8)
  A spectral hydra (Lair:2)
  3 steelbarb worms
  4 thermic dynamos
  A necromancer (Vaults:4)
  A steelbarb worm (shapeshifter) (Elf:2)
  7 harpies
  16 orc knights
  25 ugly things
  A salamander (Depths:2)
  14 deep elf zephyrmancers
  3 wolf spiders
  3 orc sorcerers
  21 ironbound convokers
  4 cyclopes
  2 manticores
  16 moths of wrath
  A worldbinder (Gauntlet)
  A rust devil (D:11)
  9 elephants
  A meliai (Spider:4)
  3 black mambas
  12 slime creatures
  6 gargoyles
  11 vault sentinels
  A water nymph (shapeshifter) (D:13)
  2 kobold blastminers
  5 torpor snails
  An ice statue (IceCv)
  Maggie (D:9)
  An unseen horror (shapeshifter) (D:13)
  7 cane toads
  3 hellions
  3 kobold demonologists
  2 orange demons (Swamp:4)
  An iron troll zombie (Depths:4)
  A yaktaur (shapeshifter) (Vaults:5)
  2 rime drakes
  An ice devil (Depths:1)
  3 unseen horrors
  2 tengu conjurers
  17 yaktaurs
  10 komodo dragons
  An efreet (D:10)
  4 trolls
  4 tyrant leeches
  2 hellwings
  11 polar bears
  2 glass eyes (Zot:3)
  7 hornets
  Grinder (D:4)
  10 tarantellas
  7 blink frogs
  15 jumping spiders
  2 air elementals
  13 culicivoras
  10 spriggans
  6 shadows
  6 water elementals (Depths:3)
  6 wyverns
  5 wraiths
  2 wargs (Orc:2)
  Eustachio (D:6)
  56 yaks
  A basilisk (D:10)
  2 fire elementals
  4 steam dragons
  30 redbacks
  4 hogs (Elf:1)
  19 vampire mosquitoes
  A chaos spawn (Depths:4)
  A two-headed ogre zombie (Vaults:5)
  A deep troll zombie (Vaults:4)
  5 human zombies
  10 swamp worms
  A swamp worm (shapeshifter) (Vaults:5)
  A spectral yak (Lair:2)
  An acid dragon (D:10)
  An entropy weaver zombie (Spider:4)
  16 water moccasins
  17 orc warriors
  2 sky beasts
  4 swamp drakes
  2 ice beasts (D:6)
  2 black bears
  A laughing skull (D:14)
  23 wolves
  5 ogres
  7 boggarts
  11 centaurs
  4 small abominations
  13 bullfrogs
  5 kobold brigands
  An earth elemental (Elf:3)
  A spectral water moccasin (Lair:2)
  2 gnoll sergeants
  5 scorpions
  4 wights (D:8)
  A polar bear zombie (IceCv)
  3 killer bees
  3 bombardier beetles
  3 electric eels
  3 crimson imps (D:5)
  A lava snake (Lair:2)
  3 hounds
  16 orc priests
  A jelly (D:8)
  A gnoll bouda (D:8)
  3 iguanas
  20 orc wizards
  5 adders
  14 gnolls
  2 white imps
  2 ribbon worms (D:2)
  8 dart slugs
  41 orcs
  4 bats
  9 endoplasms
  2 giant cockroaches (D:1)
  8 goblins
  10 hobgoblins
  3 jackals (D:1)
  3 quokkas (D:1)
  6 ball pythons
  6 frilled lizards
  21 kobolds
  8 rats
  A spectral hobgoblin (D:15)
  An aspiring flesh (Zot:3)
1522 creatures vanquished.

Vanquished Creatures (collateral kills)
  A dread lich (Zot:5)
  An ancient lich (Vaults:5)
  2 Killer Klowns (Zot:5)
  A caustic shrike (Depths:4)
  2 golden dragons
  Nikola (Spider:4)
  A bone dragon (Depths:4)
  2 tentacled monstrosities
  12 Orb Guardians (Zot:5)
  A deep elf master archer (Elf:3)
  A walking divine tome (Depths:3)
  A thorn hunter (Swamp:1)
  2 titans
  2 death cobs
  A sphinx (Depths:2)
  7 storm dragons
  2 shadow dragons
  3 draconian knights
  A draconian monk (Zot:1)
  3 emperor scorpions (Spider:4)
  2 frost giants
  A deep elf sorcerer (Vaults:3)
  The ghost of Boorch the Arsonist, an adept HuFE of Nemelex Xobeh (Spider:1)
  4 vault wardens
  A protean progenitor (Zot:5)
  2 draconian shifters
  5 draconian scorchers
  Louise (Swamp:4)
  A balrug (Zot:3)
  A deep elf elementalist (Elf:2)
  A draconian stormcaller (Zot:1)
  4 ironbound preservers
  6 draconian annihilators
  An orc warlord (Vaults:4)
  2 spriggan defenders
  2 stone giants
  6 black draconians
  5 very ugly things
  A broodmother (Spider:4)
  5 ironbound thunderhulks
  2 vampire knights (Depths:3)
  4 eleionomae
  A deep elf demonologist (Elf:3)
  4 deep elf annihilators (Elf:3)
  3 green draconians
  A demonspawn black sun (Zot:5)
  3 deep elf death magi (Elf:3)
  2 purple draconians
  6 yellow draconians
  A minotaur (Gauntlet)
  3 red draconians
  A white draconian (Zot:5)
  2 spark wasps
  5 dire elephants (Vaults:1)
  2 bunyips (Swamp:1)
  2 shambling mangroves
  A deep elf high priest (Vaults:5)
  A merfolk javelineer (Depths:3)
  Josephine (D:10)
  7 yaktaur captains
  A great orb of eyes (Vaults:3)
  5 hydras
  2 spriggan air magi
  8 vault guards
  3 entropy weavers
  2 ghost crabs
  2 ice dragons
  3 boulder beetles
  3 centaur warriors
  2 ironbound frosthearts
  5 alligators
  A tengu warrior (Depths:3)
  3 radroaches (Spider:4)
  15 dancing weapons
  3 two-headed ogres
  5 death yaks
  A jorogumo (Zot:4)
  2 deep troll shamans (Depths:4)
  3 satyrs (Zot:5)
  4 orc high priests
  4 deep troll earth magi
  A sun demon (Gauntlet)
  A spriggan berserker (Depths:3)
  5 deep elf knights
  2 skysharks
  5 iron trolls
  A spriggan rider (Swamp:4)
  3 skeletal warriors
  6 goliath frogs
  2 pharaoh ants
  7 orb spiders
  A storm dragon skeleton (Vaults:4)
  3 sun moths (Spider:4)
  15 deep trolls
  3 swamp dragons (Swamp:4)
  2 spriggan druids
  A glowing orange brain (shapeshifter) (Vaults:3)
  A glowing orange brain (Depths:3)
  An orange crystal statue (D:15)
  3 ironbound convokers
  5 deep elf archers
  6 slime creatures
  2 phantasmal warriors
  2 bog bodies (Swamp:4)
  A thermic dynamo (Elf:1)
  2 orc knights
  3 arcanists
  2 steelbarb worms (Spider:4)
  6 lindwurms
  12 deep elf pyromancers
  An obsidian bat (Orc:1)
  A necromancer (Vaults:5)
  8 deep elf zephyrmancers
  3 orc sorcerers
  3 large abominations
  10 ugly things
  2 cyclopes
  A will-o-the-wisp (Swamp:1)
  A manticore (D:15)
  2 salamanders (Depths:2)
  2 wolf spiders
  An oklob plant (Lair:5)
  10 moths of wrath
  A moth of wrath (shapeshifter) (Vaults:4)
  A kobold blastminer (Orc:1)
  5 elephants
  A fire giant skeleton (Vaults:4)
  A meliai (Spider:4)
  A water nymph (shapeshifter) (Vaults:5)
  15 cane toads
  2 vault sentinels
  2 black mambas
  An orange demon (Swamp:4)
  5 torpor snails
  4 komodo dragons
  An unseen horror (Depths:4)
  A tengu conjurer (Depths:2)
  3 rime drakes
  6 yaktaurs
  A freezing wraith (Vaults:5)
  A bloated husk (Swamp:3)
  A merfolk (Zot:3)
  2 trolls
  9 tyrant leeches
  5 hornets
  2 polar bears
  A sun moth zombie (Spider:4)
  15 blink frogs
  17 jumping spiders
  2 shadows (D:13)
  A wyvern (D:10)
  5 culicivoras
  5 spriggans
  4 water elementals
  An unseen horror simulacrum (D:10)
  A steam dragon (Lair:3)
  2 spectral komodo dragons (Lair:2)
  27 yaks
  A basilisk (shapeshifter) (Elf:1)
  2 basilisks
  6 vampire mosquitoes
  15 redbacks
  A chaos spawn (Depths:4)
  A human simulacrum (Vaults:4)
  4 swamp worms
  An acid dragon (D:10)
  10 water moccasins
  15 orc warriors
  2 swamp drakes (Swamp:4)
  A spectral blink frog (Lair:2)
  A laughing skull (D:14)
  A black bear (Lair:2)
  2 ogres
  3 boggarts
  5 small abominations (Depths:4)
  11 wolves
  4 centaurs
  3 lemures (D:8)
  7 bullfrogs
  A spectral wyvern (Lair:2)
  A spectral water moccasin (Lair:2)
  2 earth elementals
  A scorpion (D:7)
  2 killer bees
  3 electric eels (Lair:1)
  A howler monkey (D:10)
  A crimson imp (D:5)
  A hound (D:7)
  A gnoll bouda (D:9)
  5 orc priests (Orc:2)
  4 orc wizards
  4 gnolls
  24 orcs
  A ball python (D:4)
  A giant cockroach (D:4)
  2 kobolds
  2 aspiring fleshes
682 creatures vanquished.

Vanquished Creatures (others)
  A spectral orc (Zot:2)
  3 spectral tentacled monstrosities
  A caustic shrike zombie (Depths:2)
  2 Killer Klown zombies (Zot:5)
  A spectral dwarf (Swamp:3)
  spectral Mlioglotl (Swamp:4)
  A troll zombie (Depths:4)
  A deep elf demonologist (Elf:3)
  2 very ugly thing zombies
  A quicksilver dragon zombie (Vaults:5)
  A spectral spriggan (Elf:3)
  2 spectral humans
  A sphinx zombie (Vaults:3)
  A hydra (Swamp:1)
  A vault guard (Vaults:5)
  10 Orb Guardian zombies (Zot:5)
  4 spectral protean progenitors
  2 titan zombies (Vaults:5)
  A spectral balrug (Zot:3)
  A spectral sixfirhy (Orc:2)
  7 storm dragon zombies
  A deep elf knight (Elf:3)
  A skyshark (Vaults:4)
  A golden dragon zombie (Vaults:5)
  2 spark wasp zombies
  2 bunyip zombies (Swamp:3)
  A ghost moth zombie (Zot:5)
  A slime creature (Swamp:4)
  A deep elf pyromancer (Elf:3)
  2 iron dragon zombies (Vaults:5)
  3 shadow dragon zombies
  5 goliath frog zombies
  A deep elf zephyrmancer (Elf:1)
  A jorogumo zombie (Zot:4)
  A spectral ogre (Lair:2)
  A necromancer (Vaults:4)
  A spectral goliath frog (Orc:1)
  7 ugly thing zombies
  2 wolf spider zombies
  20 draconian zombies
  3 fire giant zombies
  4 frost giant zombies
  A spectral blizzard demon (Zot:3)
  2 stone giant zombies
  6 dire elephant zombies
  A spectral rakshasa (Depths:2)
  A formless jellyfish zombie (Vaults:3)
  3 green draconian zombies (Zot:2)
  5 black draconian zombies
  6 white draconian zombies
  4 purple draconian zombies
  3 red draconian zombies
  12 yaktaur zombies
  4 death yak zombies
  3 orb spider zombies (Zot:3)
  4 yellow draconian zombies
  2 swamp worm zombies
  3 great orb of eyes zombies
  14 redback zombies
  A spectral culicivora (Lair:4)
  A merfolk zombie (Depths:3)
  5 hydra zombies
  A demonic crawler zombie (Spider:4)
  A harpy zombie (Vaults:4)
  13 moth of wrath zombies
  A bloated husk (Swamp:1)
  A sun moth zombie (Spider:4)
  A satyr zombie (Zot:5)
  3 culicivora zombies
  5 jumping spider zombies
  A radroach zombie (Zot:4)
  2 ettin zombies
  A boulder beetle zombie (Spider:4)
  A fire dragon zombie (Depths:4)
  3 ice dragon zombies
  A meliai zombie (Spider:4)
  A tarantella zombie (Spider:1)
  2 black mamba zombies
  3 slime creature zombies
  2 water elementals (Depths:3)
  16 spriggan zombies
  A spectral rust devil (D:11)
  2 humans (Elf:1)
  2 tyrant leech zombies
  40 human zombies
  A skyshark zombie (Lair:5)
  46 elf zombies
  An acid dragon (D:10)
  22 deep troll zombies
  A two-headed ogre zombie (D:10)
  5 cane toad zombies
  5 tengu zombies
  2 lindwurm zombies
  3 swamp dragon zombies (Swamp:4)
  4 elephant zombies (Lair:4)
  3 hornet zombies
  8 blink frog zombies
  3 torpor snail zombies (Spider:4)
  2 komodo dragon zombies (Lair:4)
  2 cyclops zombies (D:10)
  2 salamander zombies (Depths:2)
  A wyvern zombie (D:8)
  7 water moccasin zombies
  2 polar bear zombies (IceCv)
  20 yak zombies
  13 wolf zombies
  6 centaur zombies
  6 bullfrog zombies
  2 basilisk zombies
  A black bear zombie (Lair:2)
  3 boggart zombies
  A killer bee zombie (D:6)
  A sky beast zombie (D:6)
  10 ogre zombies
  2 acid dragon zombies (D:10)
  A howler monkey zombie (D:10)
  2 swamp drake zombies (Swamp:4)
  3 steam dragon zombies
  61 orc zombies
  An adder zombie (D:6)
  6 gnoll zombies
  A goblin zombie (D:8)
  6 kobold zombies
  6 foxfires
563 creatures vanquished.

Grand Total: 2767 creatures vanquished

Notes
Turn   | Place    | Note
-------+----------+-------------------------------------------
     0 | D:1      | ragingrage the Naga Shapeshifter began the quest for the
                  | Orb.
     0 | D:1      | Reached XP level 1. HP: 18/18 MP: 1/1
    77 | D:1      | Reached skill level 1 in Stealth
    89 | D:1      | Found Jivaromn's Assorted Antiques.
   129 | D:1      | Reached XP level 2. HP: 25/25 MP: 2/2
  1005 | D:1      | Reached XP level 3. HP: 31/31 MP: 3/3
  1044 | D:1      | Bought a grey potion for 24 gold pieces
  1513 | D:2      | Identified the +7 spear "Aquxtiwa" {flame, rPois rN++ Int-4
                  | SInv}
  1602 | D:2      | Reached skill level 1 in Polearms
  1632 | D:2      | Reached XP level 4. HP: 36/38 MP: 4/4
  2342 | D:3      | Found a faded altar of an unknown god.
  2588 | D:3      | Learned a level 1 spell: Sting
  2953 | D:4      | You fall into a shaft and drop 2 floors!
  2959 | D:7      | Noticed a sky beast
  3024 | D:6      | Reached XP level 5. HP: 40/44 MP: 5/5
  3077 | D:6      | Found a bloodstained altar of Trog.
  3114 | D:6      | Noticed a black bear
  3317 | D:6      | Noticed Eustachio
  3354 | D:6      | Reached XP level 6. HP: 51/51 MP: 6/6
  3464 | D:6      | Reached skill level 5 in Polearms
  3573 | D:6      | Reached XP level 7. HP: 47/57 MP: 7/7
  3750 | D:5      | Entered Level 5 of the Dungeon
  3806 | D:5      | Reached XP level 8. HP: 58/64 MP: 8/8
  4386 | D:4      | Noticed Grinder
  4702 | D:5      | Found a shadowy altar of Dithmenos.
  4703 | D:5      | Found a basalt altar of Yredelemnul.
  4709 | D:5      | Became a worshipper of Yredelemnul the Fallen
  5018 | D:5      | Found a shimmering altar of Xom.
  5121 | D:6      | Reached skill level 10 in Polearms
  5127 | D:6      | Killed Eustachio
  5128 | D:6      | Reached skill level 2 in Fighting
  5128 | D:6      | Reached XP level 9. HP: 66/74 MP: 9/9
  5183 | D:6      | Found a shimmering blue altar of Sif Muna.
  5332 | D:6      | Reached skill level 3 in Fighting
  5753 | D:7      | Found Hetz's Hydra Hut.
  5766 | D:7      | Reached skill level 4 in Fighting
  5778 | D:7      | Noticed an eight-headed hydra
  5798 | D:7      | Found Irraba's Weapon Shoppe.
  5831 | D:7      | Found a staircase to the Ecumenical Temple.
  5865 | D:7      | Reached * piety under Yredelemnul
  5948 | D:7      | Identified 4 scrolls of acquirement
  6054 | D:7      | Found an iron altar of Okawaru.
  6107 | D:7      | Found a broken altar of Ashenzari.
  6107 | D:7      | Found a stormy altar of Qazlal.
  6290 | D:8      | Reached skill level 1 in Armour
  6589 | D:8      | Noticed Pikel
  6634 | D:8      | Killed Pikel
  6635 | D:8      | Reached XP level 10. HP: 70/85 MP: 10/10
  6709 | D:8      | Acquired the +10 Black Knight's barding {ponderous, rPois
                  | rN+}
  6709 | D:8      | Found the +10 Black Knight's barding {ponderous, rPois rN+}
  7188 | D:8      | Acquired the +2 pair of gloves of Riuroq {^Drain Regen+
                  | Dex-3 SInv}
  7197 | D:9      | Found a staircase to the Lair.
  7275 | D:9      | Reached ** piety under Yredelemnul
  7388 | D:9      | Noticed Maggie
  7398 | D:9      | Killed Maggie
  7533 | D:9      | Found a radiant altar of Vehumet.
  7578 | D:9      | Noticed Erolcha
  7583 | D:9      | Your ally Maggie died
  7587 | D:9      | Killed Erolcha
  7747 | D:9      | Noticed a kobold demonologist
  7747 | D:9      | Noticed a kobold demonologist
  7760 | D:9      | Noticed a rust devil
  7767 | D:9      | Killed a kobold demonologist
  7772 | D:9      | Killed a kobold demonologist
  7905 | D:9      | Found a snail-covered altar of Cheibriados.
  8210 | D:9      | Acquired 750 gold pieces
  8213 | D:9      | Acquired the +2 helmet of Shielding {rC+ Slay+2}
  8262 | D:10     | Entered Level 10 of the Dungeon
  8267 | D:10     | Noticed a two-headed ogre
  8274 | D:10     | Killed a two-headed ogre
  8275 | D:10     | Reached skill level 1 in Shields
  8275 | D:10     | Reached XP level 11. HP: 83/92 MP: 14/14
  8288 | D:10     | Reached skill level 5 in Invocations
  8293 | D:10     | Reached skill level 1 in Evocations
  8349 | D:10     | Reached *** piety under Yredelemnul
  8378 | D:10     | Noticed a two-headed ogre
  8383 | D:10     | Killed a two-headed ogre
  8400 | D:10     | Found a staircase to the Orcish Mines.
  8506 | D:10     | Found an opulent altar of Gozag.
  8522 | D:10     | Reached skill level 5 in Stealth
  8540 | D:10     | Reached skill level 5 in Fighting
  8638 | D:10     | Noticed Josephine
  8662 | D:10     | Killed Josephine
  8733 | D:10     | Noticed a yaktaur captain
  8785 | D:10     | Killed a yaktaur captain
  8838 | D:10     | Noticed a green ugly thing
  8975 | D:10     | Found a glowing golden altar of the Shining One.
  9068 | D:10     | Reached XP level 12. HP: 103/103 MP: 17/17
  9128 | D:10     | Reached skill level 5 in Evocations
  9152 | D:10     | Identified the +10 ring mail "Azxoaw" {Int+2 Slay+4}
  9333 | D:10     | Reached **** piety under Yredelemnul
  9357 | D:10     | Noticed a tengu warrior
  9395 | D:10     | Killed a tengu warrior
  9531 | D:10     | Gained mutation: You have an increased reservoir of magic.
                  | (+10% MP) [potion of mutation]
  9531 | D:10     | Gained mutation: You have a pair of small antennae on your
                  | head. [potion of mutation]
  9570 | D:10     | Lost mutation: You have an increased reservoir of magic.
                  | (+10% MP) [potion of mutation]
  9570 | D:10     | Lost mutation: You have a pair of small antennae on your
                  | head. [potion of mutation]
  9570 | D:10     | Gained mutation: You are robust. (+10% HP) [potion of
                  | mutation]
  9570 | D:10     | Gained mutation: Your flesh is cold resistant. (rC+)
                  | [potion of mutation]
  9570 | D:10     | Gained mutation: You are partially covered in iridescent
                  | scales. (AC +2) [potion of mutation]
  9570 | D:10     | Gained mutation: You have a pair of small antennae on your
                  | head. [potion of mutation]
  9595 | D:10     | Identified the +11 hand cannon of Dishonour {penet, rF+
                  | rCorr MP-9 Str+2}
  9712 | D:10     | Found an ornate altar of the Wu Jian Council.
  9735 | D:10     | Noticed an ogre mage
  9745 | D:10     | Killed an ogre mage
  9749 | D:10     | Noticed an ogre mage
  9762 | D:10     | Killed an ogre mage
  9762 | D:10     | Bound an ogre mage
  9765 | D:10     | Noticed a centaur warrior
  9775 | D:10     | Killed a centaur warrior
 10003 | D:10     | Reached skill level 6 in Fighting
 10146 | D:10     | Reached skill level 5 in Armour
 10456 | D:1      | Bought a scroll labelled ZARYVUBROLIO for 27 gold pieces
 10622 | Lair:1   | Entered Level 1 of the Lair of Beasts
 10630 | Lair:1   | Gained mutation: You can use your snake-like lower body to
                  | constrict enemies. [Naga growth]
 10630 | Lair:1   | Reached XP level 13. HP: 122/122 MP: 19/19
 10659 | Lair:1   | Found a transporter.
 10707 | Lair:1   | Reached skill level 7 in Fighting
 10969 | Lair:1   | Found a transporter.
 11082 | Lair:1   | Reached ***** piety under Yredelemnul
 11133 | Lair:1   | Reached skill level 8 in Fighting
 11541 | Lair:2   | Reached skill level 9 in Fighting
 11639 | Lair:2   | Reached XP level 14. HP: 143/143 MP: 20/20
 11964 | Lair:2   | Found a staircase to the Swamp.
 11971 | Lair:2   | Reached skill level 10 in Fighting
 12136 | Lair:2   | Found a hole to the Spider Nest.
 12535 | Lair:3   | Identified the +11 war axe of Paper {freeze, rCorr Stlth+}
 13183 | Lair:4   | Found a transporter.
 13194 | Lair:4   | Noticed avangion's ghost (journeyman DgIE)
 13242 | Lair:4   | Reached skill level 10 in Armour
 13263 | Lair:4   | Found a transporter.
 13304 | Lair:4   | Reached skill level 10 in Invocations
 13480 | Lair:4   | Reached ****** piety under Yredelemnul
 13899 | Lair:4   | Killed avangion's ghost
 13943 | Lair:4   | Identified the amulet "Taigeg" {Spirit rC- rN++ Will+}
 13944 | Lair:4   | Identified the +0 ring mail of Limifo Waps {rF+ Regen+}
 13976 | Lair:5   | Entered Level 5 of the Lair of Beasts
 14050 | Lair:5   | Reached XP level 15. HP: 154/154 MP: 17/23
 14075 | Lair:5   | Reached skill level 11 in Fighting
 14235 | Lair:5   | Reached skill level 12 in Fighting
 14300 | Lair:5   | Found a viscous altar of Jiyva.
 14302 | Lair:5   | Found a staircase to the Slime Pits.
 15361 | Orc:1    | Entered Level 1 of the Orcish Mines
 15421 | Orc:1    | Found a frozen archway.
 15679 | IceCv    | Entered an ice cave
 16066 | IceCv    | Noticed a frost giant
 16082 | IceCv    | Reached skill level 13 in Fighting
 16091 | IceCv    | Killed a frost giant
 16641 | Orc:2    | Entered Level 2 of the Orcish Mines
 16744 | Orc:2    | Found Soppeyss's General Store.
 16745 | Orc:2    | Found Riaklof's General Store.
 16770 | Orc:2    | Reached skill level 1 in Throwing
 16802 | Orc:2    | Bought a potion of berserk rage for 65 gold pieces
 16802 | Orc:2    | Bought a scroll of fear for 52 gold pieces
 16922 | Orc:2    | Reached XP level 16. HP: 131/172 MP: 13/25
 17138 | Orc:2    | Found a staircase to the Elven Halls.
 17434 | Orc:2    | Found Boucegad's Book Shoppe.
 17434 | Orc:2    | Found Hafep's Antique Weapon Emporium.
 17435 | Orc:2    | Found a one-way gate leading to the halls of Pandemonium.
 17556 | Orc:2    | Bought a runed demon trident for 648 gold pieces
 17782 | D:11     | Found Cheibriados's Comfort Zone.
 17786 | D:11     | Found a snail-covered altar of Cheibriados.
 17803 | D:11     | Identified the +0 ring mail "Zeazoa" {Rampage rPois Str-4
                  | Dex+3}
 18118 | D:11     | Noticed Harold
 18128 | D:11     | Killed Harold
 18703 | D:12     | Found Cuunata's Magic Scroll Shoppe.
 18711 | D:12     | Bought a scroll of enchant weapon for 135 gold pieces
 18711 | D:12     | Bought a scroll of enchant weapon for 135 gold pieces
 18772 | D:12     | Found Naehici Beja's Assorted Antiques.
 18777 | D:12     | Bought 2 bubbling green potions for 66 gold pieces
 18789 | D:12     | Noticed Jorgrun
 18801 | D:12     | Killed Jorgrun
 18801 | D:12     | Bound Jorgrun
 18843 | D:12     | Reached skill level 14 in Fighting
 18934 | D:12     | Found Qeetaeth's General Store.
 18950 | D:12     | Bought a phial of floods for 480 gold pieces
 19024 | D:12     | Found Noppasa's Book Shop.
 19132 | D:12     | Found Plog's Book Boutique.
 19486 | D:13     | Identified the +4 ring mail of Mezcal {Will+}
 19525 | D:13     | Reached skill level 5 in Throwing
 19764 | D:13     | Noticed Udidgh's ghost (journeyman GrSh)
 19765 | D:13     | Found a runed translucent gate.
 19766 | D:13     | Found a runed translucent gate.
 19767 | D:13     | Found a runed translucent gate.
 19856 | D:13     | Found a runed translucent door.
 19876 | D:13     | Noticed a sphinx
 19930 | D:13     | Killed a sphinx
 20227 | D:13     | Found a gate to the Vaults.
 20291 | D:13     | Killed Udidgh's ghost
 20390 | D:14     | Reached skill level 15 in Fighting
 20537 | D:14     | Reached skill level 1 in Alchemy
 20696 | D:14     | Reached skill level 5 in Alchemy
 21376 | D:15     | Entered Level 15 of the Dungeon
 21466 | D:15     | Found a gate leading to a gauntlet.
 21513 | D:15     | Found a staircase to the Depths.
 21571 | D:15     | Reached XP level 17. HP: 187/187 MP: 26/26
 21571 | D:15     | Found a hazy altar of Hepliaklqana.
 21646 | Gauntlet | Entered a Gauntlet
 21646 | Gauntlet | Found a transporter.
 21646 | Gauntlet | Found a transporter.
 21650 | Gauntlet | Found a transporter.
 21650 | Gauntlet | Found a transporter.
 21666 | Gauntlet | Found a transporter.
 21670 | Gauntlet | Found a transporter.
 21670 | Gauntlet | Found a transporter.
 21694 | Gauntlet | Found a transporter.
 21713 | Gauntlet | Found a transporter.
 21737 | Gauntlet | Found a transporter.
 21751 | Gauntlet | Found a transporter.
 21793 | Gauntlet | Found a transporter.
 21807 | Gauntlet | Found a transporter.
 21909 | Gauntlet | Found a transporter.
 21925 | Gauntlet | Found a transporter.
 21937 | Gauntlet | Found a transporter.
 22151 | D:15     | Acquired the +8 lance "Wyrmbane" {slay drac, rPois rF+ rC+
                  | AC+3}
 22151 | D:15     | Found the +8 lance "Wyrmbane" {slay drac, rPois rF+ rC+
                  | AC+3}
 22340 | D:15     | Identified the +0 spear "Alupti Tune" {flame, rPois Str-5
                  | Dex+5 Stlth+}
 23164 | D:14     | Learned a level 4 spell: Olgreb's Toxic Radiance
 23357 | Swamp:1  | Entered Level 1 of the Swamp
 23442 | Swamp:1  | Reached skill level 10 in Alchemy
 23785 | Swamp:2  | Reached skill level 5 in Shields
 23958 | Swamp:2  | Noticed Frances
 23966 | Swamp:2  | Killed Frances
 24097 | Swamp:2  | Identified the +5 orcbow of the Brewing Gods {drain, Int+3
                  | Stlth+}
 24226 | Swamp:2  | Learned a level 2 spell: Blink
 24307 | Swamp:3  | Reached skill level 1 in Translocations
 24461 | Swamp:3  | Reached skill level 10 in Evocations
 24673 | Swamp:3  | Noticed Bai Suzhen
 24682 | Swamp:3  | Reached skill level 5 in Dodging
 24688 | Swamp:3  | Your ally Jorgrun died
 24693 | Swamp:3  | Killed Bai Suzhen
 24813 | Swamp:4  | Entered Level 4 of the Swamp
 24974 | Swamp:4  | Reached XP level 18. HP: 195/195 MP: 27/27
 25045 | Swamp:4  | Noticed Mara
 25050 | Swamp:4  | Noticed ragingrage's illusion
 25060 | Swamp:4  | Killed Mara
 25060 | Swamp:4  | Bound Mara
 25230 | Swamp:4  | Reached skill level 5 in Translocations
 25285 | Swamp:4  | Noticed Mlioglotl
 25343 | Swamp:4  | Killed Mlioglotl
 25343 | Swamp:4  | Bound Mlioglotl
 25559 | Swamp:4  | Noticed Louise
 25567 | Swamp:4  | Killed Louise
 25641 | Swamp:4  | Your ally Mlioglotl died
 25718 | Swamp:4  | Got a decaying rune of Zot
 25998 | Spider:1 | Entered Level 1 of the Spider Nest
 26495 | Spider:1 | Found a large runed translucent door.
 26495 | Spider:1 | Found a large runed translucent door.
 26496 | Spider:1 | Noticed Boorch's ghost (adept HuFE)
 27050 | Spider:1 | Killed Boorch's ghost
 27150 | Spider:2 | Identified the +3 tower shield "Dekhlyih" {Harm rPois rF-
                  | Str+2}
 28034 | Spider:3 | Reached skill level 15 in Invocations
 28353 | Spider:3 | Reached XP level 19. HP: 196/204 MP: 25/30
 28550 | Spider:4 | Entered Level 4 of the Spider Nest
 28576 | Spider:4 | Identified the +3 kite shield "Veafuol" {rPois}
 28576 | Spider:4 | Noticed Donald
 28585 | Spider:4 | Killed Donald
 28585 | Spider:4 | Bound Donald
 28861 | Spider:4 | Reached skill level 15 in Evocations
 28865 | Spider:4 | Noticed Nikola
 28877 | Spider:4 | Killed Nikola
 29201 | Spider:4 | Noticed Asterion
 29209 | Spider:4 | Your ally Donald died
 29216 | Spider:4 | Killed Asterion
 29365 | Spider:4 | Got a gossamer rune of Zot
 29406 | Spider:4 | Identified the +0 hat of Duck's Teeth {rF+ Str+3 Dex+3
                  | Stlth-}
 29820 | Elf:1    | Entered Level 1 of the Elven Halls
 29857 | Elf:1    | Found Ashuh's Magic Scroll Emporium.
 29873 | Elf:1    | Bought a scroll of acquirement for 624 gold pieces
 29903 | Elf:1    | Found Ciziehus's Assorted Antiques.
 29905 | Elf:1    | Found Wosaa's Antique Weapon Boutique.
 29907 | Elf:1    | Found Kuixzy Tisa's Weapon Shop.
 29954 | Elf:1    | Noticed Agnes
 29960 | Elf:1    | Killed Agnes
 29960 | Elf:1    | Bound Agnes
 29964 | Elf:1    | Noticed Kirke
 29977 | Elf:1    | Killed Kirke
 29998 | Elf:1    | Reached skill level 10 in Stealth
 30442 | Elf:1    | Noticed Roxanne
 30456 | Elf:1    | Killed Roxanne
 30841 | Elf:2    | Found a runed translucent gate.
 30842 | Elf:2    | Found a runed translucent gate.
 30842 | Elf:2    | Found a runed translucent gate.
 30887 | Elf:2    | Reached XP level 20. HP: 208/215 MP: 31/31
 31373 | Elf:2    | Reached skill level 16 in Fighting
 31598 | Elf:2    | Learned a level 5 spell: Irradiate
 31653 | Elf:3    | Entered Level 3 of the Elven Halls
 31688 | Elf:3    | Paralysed by an air elemental for 1 turns
 31718 | Elf:3    | Your ally Agnes died
 31814 | Elf:3    | Reached skill level 17 in Fighting
 31872 | Elf:3    | Identified the +12 great mace "Daibeix" {freeze, rF+ Int+3}
 31879 | Elf:3    | Identified the ring "Pisisay" {rPois rF+ AC+4}
 31973 | Elf:3    | Noticed a Brimstone Fiend
 32195 | Elf:3    | Reached skill level 18 in Fighting
 32267 | Elf:3    | Gained mutation: You sometimes lose your temper in combat.
                  | [a neqoxec]
 32596 | Elf:3    | Reached XP level 21. HP: 194/234 MP: 32/32
 33410 | Vaults:1 | Entered Level 1 of the Vaults
 33457 | Vaults:1 | Found Amofupn's Antique Armour Shoppe.
 33669 | Vaults:1 | Reached skill level 19 in Fighting
 34102 | Vaults:1 | Identified the +10 dagger "Evaweol" {drain, Str+5}
 34160 | Vaults:1 | Acquired a manual of Fighting
 34805 | Vaults:1 | Reached skill level 10 in Translocations
 35041 | Vaults:2 | Reached skill level 20 in Fighting
 35546 | Vaults:2 | Reached skill level 21 in Fighting
 35651 | Vaults:2 | Found a staircase to the Crypt.
 35823 | Vaults:2 | Found the +8 storm bow {elec, penet}
 35838 | Vaults:2 | Identified the +0 scale mail of the Furies {rF+ Regen+
                  | rCorr Str+3}
 36441 | Vaults:3 | Reached skill level 22 in Fighting
 36441 | Vaults:3 | Reached XP level 22. HP: 232/258 MP: 33/33
 36488 | Vaults:3 | Identified the +0 scale mail of Submission {rElec rPois}
 36853 | Vaults:3 | Reached skill level 23 in Fighting
 37454 | Vaults:4 | Noticed Norris
 37463 | Vaults:4 | Killed Norris
 37463 | Vaults:4 | Bound Norris
 37473 | Vaults:4 | Noticed Sojobo
 37568 | Vaults:4 | Killed Sojobo
 37595 | Vaults:4 | Your ally Norris died
 37796 | Vaults:4 | Found a runed translucent gate.
 37797 | Vaults:4 | Found a runed translucent gate.
 37798 | Vaults:4 | Found a runed translucent gate.
 37863 | Vaults:4 | Noticed dcgchant's ghost (adept GnIE)
 38590 | Vaults:4 | Killed dcgchant's ghost
 38991 | Depths:1 | Entered Level 1 of the Depths
 39056 | Depths:1 | Reached skill level 1 in Conjurations
 39432 | Depths:1 | Reached XP level 23. HP: 266/272 MP: 34/34
 39891 | Depths:1 | Found a gateway to Hell.
 39991 | Depths:1 | Found a hide-covered altar of Uskayaw.
 40045 | Depths:2 | Found a one-way gateway to a ziggurat.
 40414 | Depths:2 | Noticed a caustic shrike
 40427 | Depths:2 | Killed a caustic shrike
 40428 | Depths:2 | Reached skill level 10 in Shields
 40428 | Depths:2 | Reached skill level 5 in Conjurations
 40882 | Depths:2 | Noticed Saint Roka
 40898 | Depths:2 | Killed Saint Roka
 40898 | Depths:2 | Bound Saint Roka
 41516 | Depths:3 | Identified the +2 robe "Oriurhott" {^Drain Will+ Dex+2
                  | Archmagi}
 41516 | Depths:3 | Noticed Boris
 41531 | Depths:3 | Killed Boris
 42047 | Depths:3 | Found a one-way gate to the infinite horrors of the Abyss.
 43008 | Depths:4 | Entered Level 4 of the Depths
 43208 | Depths:4 | Noticed Parghit
 43219 | Depths:4 | Reached XP level 24. HP: 236/281 MP: 34/34
 43225 | Depths:4 | Killed Parghit
 43252 | Depths:4 | Your ally Parghit died
 43416 | Depths:4 | Noticed a caustic shrike
 43417 | Depths:4 | Noticed a caustic shrike
 43419 | Depths:4 | Noticed a caustic shrike
 43422 | Depths:4 | Killed a caustic shrike
 43422 | Depths:4 | Noticed a caustic shrike
 43431 | Depths:4 | Killed a caustic shrike
 43432 | Depths:4 | Killed a caustic shrike
 43434 | Depths:4 | Killed a caustic shrike
 43623 | Depths:4 | Found a gate to the Realm of Zot.
 44781 | D:4      | Killed Grinder
 45119 | Lair:1   | Identified the +1 pair of gloves of Cige {rF+}
 45655 | Vaults:5 | Entered Level 5 of the Vaults
 45655 | Vaults:5 | Noticed an ancient lich
 45657 | Vaults:5 | Reached skill level 15 in Shields
 45657 | Vaults:5 | Reached XP level 25. HP: 291/291 MP: 34/34
 45911 | Vaults:5 | Noticed an ancient lich
 45930 | Vaults:5 | Killed an ancient lich
 45947 | Vaults:5 | Killed an ancient lich
 45983 | Vaults:5 | Reached skill level 10 in Conjurations
 45985 | Vaults:5 | Noticed a dread lich
 45995 | Vaults:5 | Noticed an ancient lich
 46040 | Vaults:5 | Got the Secrets of the Congregation and Lightning
 46085 | Vaults:5 | Identified the amulet "Zunol" {Acrobat rF+}
 46141 | Vaults:5 | Got the Almanac of the Allied Prime Material
 46150 | Vaults:5 | Identified the +2 mace of Wounding {freeze, rPois Int+2}
 46152 | Vaults:5 | Identified the +1 short sword of the Pits of Slime {flame,
                  | rC+ Stlth+}
 46232 | Vaults:5 | Killed an ancient lich
 46292 | Vaults:5 | Reached XP level 26. HP: 301/301 MP: 34/34
 46384 | Vaults:5 | Paralysed by a dread lich for 3 turns
 46389 | Vaults:5 | Killed a dread lich
 46390 | Vaults:5 | Reached skill level 15 in Stealth
 46408 | Vaults:5 | Got a silver rune of Zot
 46450 | Vaults:5 | Got the Compendium of Nonlocality and the Blizzard
 47478 | Zot:1    | Entered Level 1 of the Realm of Zot
 47483 | Zot:1    | Found a transporter.
 47771 | Zot:1    | Found a transporter.
 49093 | Elf:1    | Bought a potion of mutation for 296 gold pieces
 49093 | Elf:1    | Bought a scroll of enchant weapon for 277 gold pieces
 49093 | Elf:1    | Bought a scroll of immolation for 148 gold pieces
 50000 | Zot:2    | Your ally Saint Roka died
 50029 | Zot:2    | Reached skill level 5 in Spellcasting
 50158 | Zot:2    | Reached skill level 24 in Fighting
 52103 | Zot:3    | Reached XP level 27. HP: 313/313 MP: 34/34
 52115 | Zot:3    | Reached skill level 15 in Polearms
 52647 | Zot:3    | Identified the +10 scimitar of Patterns {speed, rPois Str+2
                  | Dex+2}
 52908 | Zot:4    | Noticed an orb of fire
 52920 | Zot:4    | Killed an orb of fire
 53391 | Zot:4    | Identified the +4 helmet of the Monk {rN+}
 53828 | Zot:5    | Entered Level 5 of the Realm of Zot
 54000 | Zot:5    | Reached skill level 10 in Dodging
 54652 | Zot:5    | Noticed a dread lich
 54657 | Zot:5    | Killed a dread lich
 55284 | Zot:5    | Noticed an ancient lich
 55675 | Zot:5    | Killed an ancient lich
 55816 | Zot:5    | Noticed an orb of fire
 56071 | Zot:5    | Gained mutation: Potions are less effective at restoring
                  | your health. [an orb of fire]
 56093 | Zot:5    | Killed an orb of fire
 56558 | Zot:5    | Noticed an orb of fire
 56562 | Zot:5    | Gained mutation: Your body sometimes deteriorates upon
                  | taking damage. [an orb of fire]
 56567 | Zot:5    | Killed an orb of fire
 57063 | Zot:5    | Noticed a dread lich
 57067 | Zot:5    | Noticed an orb of fire
 57068 | Zot:5    | Killed a dread lich
 57079 | Zot:5    | Killed an orb of fire
 57486 | Zot:5    | Noticed an orb of fire
 57502 | Zot:5    | Killed an orb of fire
 57574 | Zot:5    | Noticed an orb of fire
 57586 | Zot:5    | Gained mutation: You are weak. (Str -2) [an orb of fire]
 57588 | Zot:5    | Killed an orb of fire
 57590 | Zot:5    | Noticed an orb of fire
 57599 | Zot:5    | Noticed an orb of fire
 57607 | Zot:5    | Killed an orb of fire
 57607 | Zot:5    | Gained mutation: You are very weak. (Str -4) [an orb of
                  | fire]
 57612 | Zot:5    | Noticed an orb of fire
 57614 | Zot:5    | Noticed an orb of fire
 58088 | Zot:5    | Gained mutation: You are dopey. (Int -2) [an orb of fire]
 58091 | Zot:5    | Killed an orb of fire
 58151 | Zot:5    | Gained mutation: Your spells are a little easier to cast,
                  | but a little less powerful. [an orb of fire]
 58161 | Zot:5    | Gained mutation: Your magical capacity is low. (-10% MP)
                  | [an orb of fire]
 58165 | Zot:5    | Killed an orb of fire
 58484 | Zot:5    | Gained mutation: You occasionally lose the ability to drink
                  | potions when taking damage. [an orb of fire]
 58487 | Zot:5    | Gained mutation: Your body often deteriorates upon taking
                  | damage. [an orb of fire]
 58489 | Zot:5    | Lost mutation: Your spells are a little easier to cast, but
                  | a little less powerful. [an orb of fire]
 58498 | Zot:5    | Lost mutation: You are robust. (+10% HP) [an orb of fire]
 58503 | Zot:5    | Killed an orb of fire
 58623 | Zot:5    | Got the Orb of Zot
 58898 | Depths:1 | Noticed Zucrin the pandemonium lord
 58974 | D:12     | Noticed Mygot the pandemonium lord
 59198 | D:$      | Escaped with the Orb!

Illustrated notes

Levels and vault maps discovered:
D:1:      psy_arrival_dodecagon, layout_basic, serial_shops, shop,
          serial_bayou_lake_a
D:2:      layout_loops_ring, serial_bayou, serial_bayou_pond_a,
          serial_bayou_pond_d, serial_bayou_pond_c, serial_bayou_pond_d,
          serial_bayou_pond_b, serial_bayou_ford_a
D:3:      layout_rooms, nicolae_ecumenical_oubliette
D:4:      layout_layer_cave, uniq_grinder
D:5:      kennysheep_slugbush, layout_basic,
          chequers_temple_overflow_statue_of_worship, led_xom_imps,
          kennysheep_generic_room_10
D:6:      layout_basic, nicolae_sif_muna_little_library, lemuel_tele_altar,
          wad_rectangle_vault, uniq_eustachio
D:7:      layout_rooms, okawaru_ov_weapons_minmay,
          gammafunk_temple_overflow_wave, minmay_temple_entry_slanted,
          serial_shops, shop, doesnt_shop_hydraphobe
D:8:      layout_gridville, enter_bailey_5, uniq_pikel
D:9:      layout_roguey, nicolae_vehumet_radiance, mainiacjoe_overflow_alcove_4,
          dpeg_oklobed_lair, minmay_variable_closet, uniq_erolcha, uniq_maggie
D:10:     nzn_winding_woodlands_large [nzn_winding_woodlands_5x5_three,
          nzn_winding_woodlands_5x15_sidewinder,
          nzn_winding_woodlands_hourglass,
          nzn_winding_woodlands_center_pierced_h,
          nzn_winding_woodlands_15x15_boxy_spiral,
          nzn_winding_woodlands_center_garden,
          nzn_winding_woodlands_5x5_open_star,
          nzn_winding_woodlands_5x15_zeroes,
          nzn_winding_woodlands_5x5_checkerboard], layout_basic,
          mainiacjoe_overflow_chevrons, lemuel_crystal_altar,
          overflow_temple_1_default, orc_0_dummy, minmay_misc_feat_room,
          minmay_evil_grid, uniq_josephine
D:11:     layout_loops_corners, minmay_shop_chei, minmay_microvault, uniq_harold
D:12:     layout_gridville, serial_shops, nicolae_shop_peninsula,
          nicolae_shop_crystal, nicolae_shop_hallway_plus,
          nicolae_shop_tiny_statue_garden, shop, uniq_jorgrun
D:13:     layout_cave_pools, grunt_vaults_entry_fortified,
          ebering_ghost_rock_garden, kennysheep_treasure_room
D:14:     layout_basic
D:15:     hellmonk_depths_entry_around_the_bend, layout_cave_pods,
          gauntlet_entry_generic, chequers_serial_rivers_micro_a, minivault_16,
          nicolae_hepliaklqana_monster_ancestors
Lair:1:   gammafunk_worm_tunnel, layout_regular_city, minmay_holes, st_stairs_8,
          wad_woods_river_02, nicolae_lair_lil_pond, infiniplex_staircase_pool
Lair:2:   layout_gridlike, nicolae_swamp_entry_spooky,
          nicolae_spider_entry_tight_spaces, infiniplex_staircase_pool_2,
          grunt_megastairs_1
Lair:3:   layout_small_grid
Lair:4:   layout_small_grid, gammafunk_ghost_berserking_beasts,
          beast_lair_carwin_7, grunt_megastairs_2
Lair:5:   minmay_lair_end_frog_pond, layout_regular_city,
          minmay_slime_entry_oklob_enclosed, grunt_forest_small_clearings,
          hibernation_bobbens
Swamp:1:  layout_basic_swamp, evilmike_swamp_ruin_house_5
Swamp:2:  layout_basic_swamp, evilmike_swamp_ruin_house_2, uniq_frances
Swamp:3:  layout_basic_swamp, nicolae_swamp_stair_fork,
          nicolae_swamp_decorative_isthmus, uniq_bai_suzhen
Swamp:4:  swamp_vile, layout_basic_swamp, hangedman_swamp_pad, swamp_pool_5,
          uniq_mlioglotl, uniq_louise, uniq_mara
Spider:1: layout_cave_pods, ebering_ghost_disaster_area
Spider:2: nicolae_orb_stairs_large, drop_trap
Spider:3: layout_spider_delve
Spider:4: hellmonk_spider_rune_bug_friends, nicolae_spider_solar_radiation,
          uniq_asterion, uniq_donald, uniq_nikola
Orc:1:    layout_diamond_mine, portal_ice_cave_rime
Orc:2:    pf_orc_diabolical, layout_caves
Elf:1:    layout_geoelf_diagonals, serial_shops, shop,
          minmay_elf_crystal_hexagon, minmay_shop_star, uniq_kirke, uniq_agnes,
          uniq_roxanne
Elf:2:    nicolae_elf_blades_crystal_corner, layout_loops_ring,
          serial_library_regret_index_branch_corner, item_on_display_a
Elf:3:    grunt_elf_hall_diamonds, layout_geoelf_diagonals,
          nicolae_concentric_dashed_squares_mild,
          nicolae_elf_vaults_five_recruitment_drive
Vaults:1: vaults_room_door_hall, v_misc_27, nicolae_vaults_house_2,
          vaults_room_grunt_arrival_ludios, nicolae_vaults_diamond_2,
          nicolae_vaults_house_2, ontoclasm_vaults_twist,
          hangedman_vaults_nails, nicolae_vaults_little_squares_3,
          vaults_standard_mumra_lines, nicolae_vaults_border_crossing,
          layout_vaults_quadrants, serial_shops, shop
Vaults:2: minmay_crypt_entry_nasty_monster, nicolae_vaults_closet_pinwheel_2,
          hangedman_vaults_variations, nicolae_vaults_offset_grid_hallway_4,
          ontoclasm_vaults_decontamination, vaults_dpeg_diagonal,
          ontoclasm_vaults_hangar, v_alt_pattern_4, v_misc_25,
          nicolae_vaults_weapon_check, nicolae_vaults_theta,
          ontoclasm_vaults_loading_screen, layout_vaults_big_cross
Vaults:3: vaults_room_door_ring, nicolae_vaults_tangram_2,
          vaults_mumra_minichess_inversion, vaults_standard_mumra_x,
          vaults_room_semicircle, v_rooms_4, vaults_room_fours,
          nicolae_vaults_mini_display_case, hangedman_vaults_snaps,
          nicolae_vaults_diffraction_hallways, nicolae_vaults_little_squares_4,
          nicolae_vaults_asterisk, layout_vaults_omnibox
Vaults:4: gammafunk_ghost_split, nicolae_vaults_meiosis, grunt_vaults_bifocal,
          nicolae_vaults_big_angled_halls, nicolae_vaults_stairing_the_circle,
          vaults_room_corners, vaults_mumra_minichess,
          nicolae_vaults_little_squares_2, nicolae_vaults_closet_pinwheel_4,
          ontoclasm_vaults_shout, nicolae_vaults_trapezoid_lopsided_1,
          vaults_mumra_hex, layout_vaults_ring, uniq_margery, uniq_norris,
          uniq_sojobo
Vaults:5
Depths:1: layout_basic, hangedman_tar_grid_catacomb, minmay_misc_feat_doors,
          nicolae_uskayaw_en_pointe
Depths:2: kennysheep_blocky_room, layout_basic, enter_ziggurat_e,
          columned_hall_lemuel, rand_demon_pan_entry_9, hell_entry,
          uniq_saint_roka
Depths:3: evilmike_horseshoe, layout_basic, pan_entry,
          infiniplex_staircase_pillars_2, hell_entry, abyss_entry_glasseish,
          uniq_boris
Depths:4: grunt_twist_and_shout, layout_honeycomb,
          serial_sigils_hangedman_carve, minmay_room_of_horrors, hell_entry,
          uniq_parghit
Zot:1:    gammafunk_sealed_arena, layout_basic
Zot:2:    minmay_elemental_castle, layout_cathedral_of_symmetry, zot_minivault_4
Zot:3:    regret_index_zot_pan_timeshare, layout_concentric_octagons,
          regret_index_zotdec_decaying_basic
Zot:4:    layout_twisted_circle, regret_index_zotdec_carving_tricks
Zot:5:    layout_onion, st_stairs_3

Skill      XL: |  1  2  3  4  5  6  7  8  9 10 11 12 13 14 15 16 17 18 19 20 21 22 23 24 25 26 27 |
---------------+----------------------------------------------------------------------------------+-----
Stealth        | 1 2 3 8 11 13 14 15 | 15.0
Polearms       | 1 3 4 6 7 10 12 13 14 18 | 18.6
Fighting       | 2 4 5 6 9 10 13 15 18 22 23 24 | 24.0
Armour         | 3 4 5 8 10 11 12 | 12.0
Invocations    | 4 7 9 11 12 13 15 18 | 18.0
Shields        | 1 2 3 4 5 7 9 13 15 16 17 19 | 19.0
Evocations     | 4 8 9 10 13 15 | 15.0
Throwing       | 2 6 |  6.0
Alchemy        | 7 11 12 13 14 | 14.0
Dodging        | 5 7 9 10 | 10.0
Translocations | 4 5 7 10 | 10.4
Conjurations   | 2 8 10 | 10.0
Spellcasting   | 2 3 5 |  5.0
Unarmed Combat | |  3.9
Shapeshifting  | |  3.0

Action                     |  1- 3 |  4- 6 |  7- 9 | 10-12 | 13-15 | 16-18 | 19-21 | 22-24 | 25-27 || total
---------------------------+-------+-------+-------+-------+-------+-------+-------+-------+-------++-------
  Melee: Unarmed           |    48 |       |       |       |       |       |       |       |       ||    48
         Spear             |    10 |    50 |   189 |   477 |   749 |    47 |       |       |       ||  1522
         Constrict         |       |       |       |       |   131 |    90 |   120 |   118 |   148 ||   607
         Demon trident     |       |       |       |       |       |   714 |   838 |   870 |   754 ||  3176
         Lance             |       |       |       |       |       |    11 |       |    10 |   653 ||   674
  Throw: Dart              |     7 |     1 |     9 |     1 |       |       |       |       |     1 ||    19
   Cast: Olgreb's Toxic Ra |       |       |       |       |       |    25 |    15 |       |     3 ||    43
         Irradiate         |       |       |       |       |       |       |       |       |     1 ||     1
 Invoke: Light the Black T |       |       |     4 |     3 |     7 |    13 |     7 |     5 |     6 ||    45
         Recall Undead Har |       |       |     1 |     1 |     2 |     5 |     6 |     3 |     2 ||    20
         Hurl Torchlight   |       |       |       |     5 |     5 |     7 |    11 |     8 |     7 ||    43
         Bind Soul         |       |       |       |     1 |     2 |     3 |     2 |     2 |       ||    10
         Fathomless Shackl |       |       |       |       |       |       |     1 |       |       ||     1
Ability: Spit Poison       |    30 |    24 |    30 |     2 |       |       |       |       |       ||    86
  Evoke: Wand              |       |       |     3 |     2 |     2 |     2 |     1 |     1 |     5 ||    16
         Condenser vane    |       |       |       |       |     2 |       |     3 |     2 |     1 ||     8
         Phantom mirror    |       |       |       |       |       |     1 |       |     2 |       ||     3
         Box of beasts     |       |       |       |       |       |     1 |       |     1 |     2 ||     4
         Phial of floods   |       |       |       |       |       |       |     1 |       |       ||     1
         Lightning rod     |       |       |       |       |       |       |       |     1 |     4 ||     5
    Use: Scroll            |       |     2 |     5 |     8 |     4 |    19 |     7 |     4 |    19 ||    68
         Potion            |       |       |     1 |     4 |       |     1 |     5 |     1 |    11 ||    23
   Stab: Sleeping          |     1 |     1 |     1 |    10 |     9 |    16 |    19 |    15 |    11 ||    83
         Distracted        |       |     1 |       |     2 |    13 |    17 |    18 |    34 |    30 ||   115
         Paralysed         |       |       |       |     1 |     1 |       |       |       |       ||     2
         Confused          |       |       |       |       |     2 |     1 |       |       |       ||     3
         Petrifying        |       |       |       |       |       |     2 |       |       |       ||     2
         Petrified         |       |       |       |       |       |     1 |       |       |       ||     1
         Fleeing           |       |       |       |       |       |       |     1 |       |       ||     1
 Armour: Animal skin       |    43 |     6 |       |       |       |       |       |       |       ||    49
         Robe              |       |    30 |    86 |    94 |       |       |       |       |       ||   210
         Skin              |       |       |     4 |     1 |       |       |       |       |       ||     5
         Ring mail         |       |       |       |   104 |   330 |   554 |   568 |   558 |   807 ||  2921
  Dodge: Dodged            |    17 |    12 |    55 |    63 |    80 |   156 |   223 |   236 |   289 ||  1131
  Block: Buckler           |     2 |     5 |    16 |    29 |    43 |    97 |   144 |   116 |       ||   452
         Reflection        |       |       |       |       |       |       |    17 |       |       ||    17
         Kite shield       |       |       |       |       |       |       |       |     1 |   453 ||   454
         Form:             |       |       |       |     1 |       |       |       |       |       ||     1

Table legend: (Time is in decaauts)
 A = Elapsed time spent in this place.
 B = Non-inter-level travel time spent in this place.
 C = Inter-level travel time spent in this place.
 D = Time resting spent in this place.
 E = Time spent auto-exploring this place.
 F = Levels seen in this place.
 G = Mean time per level.
                   A        B        C        D        E       F      G
               +--------+--------+--------+--------+--------+-----+--------+
         Total |  77243 |  67368 |   9875 |   7798 |  44663 |  49 | 1576.4 |
       Dungeon |  23681 |  19817 |   3864 |   1864 |  13858 |  15 | 1578.7 |
          Lair |   6870 |   6020 |    850 |    218 |   4393 |   5 | 1374.0 |
         Swamp |   3651 |   3173 |    478 |     96 |   2214 |   4 |  912.8 |
   Spider Nest |   4826 |   4396 |    430 |    274 |   3314 |   4 | 1206.5 |
  Orcish Mines |   2753 |   2018 |    735 |     86 |   1143 |   2 | 1376.5 |
   Elven Halls |   4968 |   4230 |    738 |    231 |   2770 |   3 | 1656.0 |
        Vaults |   9743 |   8502 |   1241 |    883 |   5742 |   5 | 1948.6 |
        Depths |   7515 |   6414 |   1101 |    811 |   4385 |   4 | 1878.8 |
           Zot |  11810 |  11375 |    435 |   3333 |   5991 |   5 | 2362.0 |
      Ice Cave |    698 |    698 |      0 |      0 |    395 |   1 |  698.0 |
      Gauntlet |    724 |    724 |      0 |      0 |    454 |   1 |  724.0 |
               +--------+--------+--------+--------+--------+-----+--------+

Top non-repeatable levels by time:
   Zot:5: 5690 daAuts
    D:10: 2726 daAuts
Vaults:1: 2453 daAuts
Depths:2: 2242 daAuts
    D:15: 2139 daAuts
Depths:3: 2083 daAuts
Vaults:4: 2063 daAuts
   Elf:3: 2046 daAuts
Vaults:5: 1883 daAuts
   Zot:2: 1880 daAuts
     D:6: 1769 daAuts
     D:4: 1769 daAuts
    D:14: 1733 daAuts
   Orc:2: 1730 daAuts
   Zot:3: 1727 daAuts
